cohdb
Replays
Latest Replays
All Replays
Popular Replays
Top Player Replays
Match Explorer
How It Works
Community
CoH3 Stats
Reddit
Sign in to upload your games and track your stats! →
Sign in with Steam
Match 45711515
Unlisted
Match 45711515
Overview
Messages
Build Orders
End
Kettenkrad Recon Vehicle
Construct Infanterie Kompanie
Grenadier Squad
Grenadier Squad
Grenadier Squad
Infanterie Officer Quarters
Grenadier Squad
Grenadier Squad
Selects Luftwaffe Battlegroup
Selects Luftwaffe Pioneer Support
Selects LG40 Recoilless Gun Paradrop
LG40 Recoilless Gun Paradrop
Construct Panzergrenadier Kompanie
Panzergrenadier Officer Quarters
LG40 Recoilless Gun Paradrop
Construct Panzer Kompanie
Pioneer Squad
Selects Infantry Reserves
Selects Stuka Strafing Run
Selects Fallschirmjäger Squad Paradrop
Stoßtruppen Squad
Panzer Officer Quarters
Stoßtruppen Squad
Panzer IV Medium Tank
NANAMI
커닝시티택시기사
CAuMOH
K̳itsuné
0
0
Comments
sign in to comment!
No comments posted yet!